 Dungeon Crawl Stone Soup version 0.15.1-3-g1b33baa (webtiles) character file.

79 Chiseanne the Grasshopper (level 4, -2/34 HPs)
             Began as a Formicid Warper on Oct 11, 2014.
             Was a Follower of Cheibriados.
             Slain by Crazy Yiuf
             ... wielding a +4 quarterstaff of chaos
              (3 damage)
             ... on Level 2 of the Dungeon.
             The game lasted 00:07:12 (1924 turns).

Chiseanne the Grasshopper (Formicid Warper)         Turns: 1924, Time: 00:07:12

HP  -2/34        AC  6     Str 18      XL: 4   Next: 62%
MP   6/9         EV 15     Int 16      God: Cheibriados [*.....]
Gold 60          SH  0     Dex 19      Spells:  3 memorised,  2 levels left

rFire  . . .     SeeInvis +     a - +0 hand axe
rCold  . . .     Clarity  .     o - +0 ring mail
rNeg   . . .     rCorr    .     (no shield)
rPois  .         rRot     .     (helmet unavailable)
rElec  .         Spirit   .     j - -2 cloak (curse)
SustAb .         Warding  .     (no gloves)
rMut   .         Stasis   +     d - +1 pair of boots
Gourm  .                        (no amulet)
MR     .....                    (no ring)
                                (no ring)

@: agile, very slightly contaminated, drained, very slow, not resistant to
hostile enchantments, unstealthy
A: permanent stasis, dig shafts and tunnels, four strong arms, antennae 3
a: Dig, Shaft Self, Bend Time, Renounce Religion


You were on level 2 of the Dungeon.
You worshipped Cheibriados.
Cheibriados was aware of your devotion.
You were hungry.

You visited 1 branch of the dungeon, and saw 2 of its levels.

You collected 60 gold pieces.

Inventory:

Hand weapons
 a - a +0 hand axe (weapon)
Missiles
 e - 5 tomahawks of dispersal
 k - 5 poisoned javelins (quivered)
 l - 3 javelins
Armour
 d - a +1 pair of boots (worn)
 j - a cursed -2 cloak (worn)
 o - a +0 ring mail (worn)
Comestibles
 f - 2 bread rations
Scrolls
 b - 4 scrolls of identify
 i - a scroll of fog
Potions
 g - a potion of restore abilities
 m - a potion of porridge
Books
 c - a book of Spatial Translocations

   Spells                             Type                      Level
   *Apportation                       Translocation                1
   Blink                              Translocation                2
   *Shroud of Golubria                Charms/Translocation         2
   Portal Projectile                  Translocation                3
   *Teleport Other                    Translocation                3
   Passage of Golubria                Translocation                4


   Skills:
 * Level 2.4(1.8) Fighting
 - Level 2.2(1.6) Axes
 - Level 0.7(0.2) Throwing
 * Level 1.8(1.2) Armour
 * Level 2.9(2.3) Dodging
 * Level 2.5(2.0) Spellcasting
 * Level 3.1(2.6) Translocations


You had 2 spell levels left.
You knew the following spells:

 Your Spells              Type           Power        Failure   Level  Hunger
a - Apportation           Tloc           ##........   10%         1    #......
b - Shroud of Golubria    Chrm/Tloc      #.........   21%         2    ###....
c - Teleport Other        Tloc           ##......     24%         3    ####...


Dungeon Overview and Level Annotations

Branches:
Dungeon (2/15)

Altars:
Cheibriados

Annotations:
D:2 Crazy Yiuf


Innate Abilities, Weirdness & Mutations

Your are under a permanent stasis effect.
You can dig through walls and to a lower floor.
Your four strong arms can wield two-handed weapons with a shield.
You have a pair of large antennae on your head (SInv).


Message History

* * * LOW HITPOINT WARNING * * *
You feel drained.
* * * LOW HITPOINT WARNING * * *
Drink which item? (? for menu, Esc to quit)
Okay, then.
Cast which spell? (? or * to list)
Aiming: Teleport Other
Press: ? - help, Shift-Dir - straight line, f/p - Crazy Yiuf
Aim: Crazy Yiuf, wielding a quarterstaff of chaos and wearing a cloak (heavily wounded, poisoned) Crazy Yiuf resists with significant effort.
Crazy Yiuf hits you with a quarterstaff of chaos.
* * * LOW HITPOINT WARNING * * *
You hit Crazy Yiuf.
Crazy Yiuf is almost dead.
Crazy Yiuf closely misses you.
You completely miss Crazy Yiuf.
Crazy Yiuf is almost dead.
Crazy Yiuf looks more healthy.
Crazy Yiuf hits you with a quarterstaff of chaos.
You die...

####............
#...........#
#.........{.#
#...........#
#.....#######
#.....#
#.....##♣♣♣♣♣
#.........♣.♣♣♣
#.......@g(♣..♣
#.........♣♣♣♣.....#
#.......♣♣♣ #..)#
#(....##♣ ###
#######


You could see Crazy Yiuf.

Vanquished Creatures
  3 adders (D:2)
  2 worms (D:2)
  A ball python (D:2)
  6 goblins
  5 hobgoblins
  A jackal (D:2)
  5 bats
  2 giant cockroaches
  2 giant newts
  6 kobolds
  3 rats
36 creatures vanquished.

Notes
Turn   | Place    | Note
--------------------------------------------------------------
     0 | D:1      | Chiseanne, the Formicid Warper, began the quest for the Orb.
     0 | D:1      | Reached XP level 1. HP: 16/16 MP: 3/3
   100 | D:1      | Reached XP level 2. HP: 13/22 MP: 5/5
   247 | D:1      | Found a snail-covered altar of Cheibriados.
   270 | D:1      | Became a worshipper of Cheibriados the Contemplative
   648 | D:1      | Learned a level 2 spell: Shroud of Golubria
   804 | D:2      | Reached XP level 3. HP: 17/27 MP: 7/7
  1001 | D:2      | Reached skill level 3 in Translocations
  1017 | D:2      | Learned a level 3 spell: Teleport Other
  1388 | D:2      | Reached XP level 4. HP: 29/34 MP: 9/9
  1906 | D:2      | Noticed Crazy Yiuf
  1922 | D:2      | HP: 1/34 [Crazy Yiuf/quarterstaff of chaos (2)]
  1924 | D:2      | Slain by Crazy Yiuf

Action                   |  1- 3 |  4- 6 || total
-------------------------+-------+-------++-------
Melee: Hand axe          |    83 |    48 ||   131
Throw: Javelin           |     3 |     5 ||     8
 Cast: Teleport Other    |       |     1 ||     1
  Use: Scroll            |     7 |       ||     7
       Potion            |       |     2 ||     2
  Eat: Chunk             |     1 |     1 ||     2
